 Dungeon Crawl Stone Soup version 0.28-b1-70-g80dc712255 (webtiles) character file.

Game seed: 3070643815710068065

387 cbfl8 the Sneak (level 6, -2/53 HPs)
             Began as a Minotaur Delver on Feb 3, 2022.
             Slain by a shadow (4 damage)
             ... on level 5 of the Dungeon.
             The game lasted 00:08:57 (5142 turns).

cbfl8 the Sneak (Minotaur Delver)                   Turns: 5142, Time: 00:08:58

Health: -2/53      AC:  8    Str: 16    XL:     6   Next: 49%
Magic:  5/5        EV: 10    Int:  9    God:
Gold:   261        SH:  0    Dex: 12    Spells: 5/5 levels left

rFire   x . .      SeeInvis .   p - +1 dagger (drain)
rCold   + . .      Faith    .   (no shield)
rNeg    . . .      Spirit   .   l - +0 scale mail
rPois   .          Reflect  .   (helmet restricted)
rElec   .          Harm     .   (no cloak)
rCorr   .          Rampage  .   (no gloves)
Will    .....                   s - +0 pair of boots
Stlth   +.........              (no amulet)
HPRegen 0.17/turn               w - ring of ice
MPRegen 0.09/turn               (no ring)

@: no status effects
A: horns 2, retaliatory headbutt
a: no special abilities


You were on level 5 of the Dungeon.
You visited 1 branch of the dungeon, and saw 5 of its levels.

You collected 261 gold pieces.

Inventory:

Hand Weapons
 a - a +0 hand axe
 p - a +1 dagger of draining (weapon)
 y - a +1 vampiric whip
Armour
 b - a +0 leather armour
 l - a +0 scale mail (worn)
 s - a +0 pair of boots (worn)
 u - a +0 pair of boots
Magical Staves
 o - a staff of earth
Jewellery
 w - a ring of ice (left hand)
Wands
 g - a wand of digging (3)
Scrolls
 c - a scroll of fog
 d - 2 scrolls of magic mapping
 e - 2 scrolls of fear
 i - 2 scrolls of teleportation
 j - a scroll of enchant weapon {unknown}
 k - a scroll of brand weapon {unknown}
 m - 3 scrolls of identify
 r - a scroll of silence {unknown}
 t - a scroll of vulnerability {unknown}
 x - a scroll of noise {unknown}
Potions
 f - a potion of haste
 h - 2 potions of attraction {unknown}
 n - a potion of heal wounds {unknown}
 q - a potion of magic {unknown}
 v - a potion of curing {unknown}


   Skills:
 + Level 4.5 Fighting
 + Level 1.0 Short Blades
 + Level 3.2 Axes
 + Level 4.5 Armour
 + Level 3.4 Dodging
 + Level 5.3 Stealth


You had 5 spell levels left.
You didn't know any spells.
Your spell library contained the following spells:

 Spells                   Type           Power      Damage    Failure   Level
 Shock                    Conj/Air       0%         1d3       80%         1
 Swiftness                Air            0%         N/A       99%         3
 Airstrike                Air            0%         N/A       100%        4
 Summon Lightning Spire   Summ/Air       0%         N/A       100%        4
 Lightning Bolt           Conj/Air       0%         1d11      100%        5


Dungeon Overview and Level Annotations

Branches:
Dungeon (5/15)
 Temple: D:4-7

Altars:


Innate Abilities, Weirdness & Mutations

You have a pair of horns on your head.
You reflexively headbutt those who attack you in melee.


Message History

The shadow flickers and vanishes!
Deactivating autopickup; reactivate with Ctrl-A.
You closely miss something. Your headbutt misses something.
The shadow strikes at you from the darkness!
Reactivating autopickup.
You hit the shadow but do no damage. Your punch misses the shadow.
The shadow is moderately damaged.
You hit the shadow.
The shadow is moderately damaged.
The shadow slips into darkness.
The shadow flickers and vanishes!
Deactivating autopickup; reactivate with Ctrl-A.
You miss something.
The shadow strikes at you from the darkness!
Reactivating autopickup.
You hit the shadow but do no damage.
The shadow is moderately damaged.
The shadow closely misses you.
You hit the shadow but do no damage. You headbutt the shadow.
The shadow is moderately damaged.
The shadow slips into darkness.
The shadow flickers and vanishes!
Deactivating autopickup; reactivate with Ctrl-A.
You closely miss something.
The shadow strikes at you from the darkness!
* * * LOW HITPOINT WARNING * * *
Reactivating autopickup.
You hit the shadow but do no damage.
The shadow is moderately damaged.
The shadow hits you!
* * * LOW HITPOINT WARNING * * *
You closely miss the shadow.
You headbutt the shadow, but do no damage.
The shadow is moderately damaged.
The shadow hits you.
* * * LOW HITPOINT WARNING * * *
You hit the shadow but do no damage.
The shadow is moderately damaged.
The shadow hits you.
You die...

#.##.....####.#
#.##..##..# ...
#........##
.##.. #####.##.#
...# #
###.#.W#.###....
#........#......
#..............#
#...####..#.?..#
#...#..@W.# ....
##..#...........
## #...........
###....#....
#....##...
#..... ...
...#... ..
...#..##


You could see a shadow.

Vanquished Creatures
  A necrophage (D:4)
  2 hounds
  A centaur skeleton (D:4)
  Terence (D:3)
  Robin (D:2)
  3 gnolls (D:4)
  5 adders
  2 worms
  8 orcs (D:4)
  7 endoplasms
  A giant cockroach (D:2)
  15 goblins
  13 hobgoblins
  10 ball pythons
  2 bats
  2 frilled lizards (D:1)
  5 kobolds
  4 rats
83 creatures vanquished.

Notes
Turn   | Place    | Note
-------+----------+-------------------------------------------
     0 | D:5      | cbfl8 the Minotaur Delver began the quest for the Orb.
     0 | D:5      | Reached XP level 1. HP: 19/19 MP: 0/0
    17 | D:5      | Noticed a hound
    25 | D:5      | Killed a hound
    26 | D:5      | Reached XP level 2. HP: 17/27 MP: 1/1
    26 | D:5      | Reached XP level 3. HP: 21/33 MP: 2/2
    60 | D:5      | Noticed a shadow
   652 | D:4      | Reached skill level 1 in Armour
   652 | D:4      | Reached skill level 5 in Stealth
   652 | D:4      | Reached XP level 4. HP: 37/40 MP: 3/3
  1412 | D:1      | Found a faded altar of an unknown god.
  2490 | D:2      | Noticed Robin
  2508 | D:2      | Reached XP level 5. HP: 32/46 MP: 4/4
  2511 | D:2      | Killed Robin
  3205 | D:3      | Noticed Terence
  3213 | D:3      | Killed Terence
  3919 | D:4      | Noticed a necrophage
  3937 | D:4      | Killed a necrophage
  3938 | D:4      | Reached skill level 1 in Short Blades
  3938 | D:4      | Reached XP level 6. HP: 15/53 MP: 5/5
  5141 | D:5      | HP: 2/53 [shadow (6)]
  5142 | D:5      | Slain by a shadow

Illustrated notes

Levels and vault maps discovered:
D:1:      giann_horns, layout_loops_corners, dilly_ecumenical_altar_fadedgnrine,
          nicolae_figureground_sparkle
D:2:      layout_rooms, uniq_robin
D:3:      layout_loops_ring, uniq_terence
D:4:      layout_loops_corners, dk_noncrumbling_4
D:5:      cheibrodos_quashed, layout_cave_pools, nicolae_overflow_hidden_temple,
          mainiacjoe_overflow_cross_hatched,
          grunt_temple_overflow_lords_of_destruction,
          hellmonk_ghost_happy_afterlife, minivault_5,
          kennysheep_cross_bottleneck

Skill      XL: |  1  2  3  4  5  6 |
---------------+-------------------+-----
Fighting       | 4 |  4.5
Armour         | 1 2 3 4 |  4.5
Stealth        | 5 |  5.3
Axes           | 3 |  3.2
Dodging        | 3 |  3.4
Short Blades   | 1 |  1.0

Action                   |  1- 3 |  4- 6 || total
-------------------------+-------+-------++-------
Melee: Hand axe          |    20 |    60 ||    80
       Headbutt          |     2 |    31 ||    33
       Dagger            |       |   129 ||   129
       Punch             |       |     1 ||     1
  Use: Scroll            |       |     3 ||     3
 Stab: Sleeping          |     1 |     3 ||     4
Armor: Leather armour    |     8 |     5 ||    13
       Scale mail        |       |    74 ||    74
Dodge: Dodged            |    15 |   129 ||   144
